 Dungeon Crawl Stone Soup version 0.29-a0-477-g62b78b4225 (webtiles) character file.

Game seed: 11959488232692177400

598 Infinimo the Fighter (level 7, -2/87 HPs)
             Began as an Ogre Gladiator on May 25, 2022.
             Was an Initiate of Okawaru.
             Slain by a wyvern (13 damage)
             ... on level 4 of the Dungeon.
             The game lasted 00:06:40 (5466 turns).

Infinimo the Fighter (Ogre Gladiator)               Turns: 5466, Time: 00:06:41

Health: -2/87      AC:  4    Str: 19    XL:     7   Next: 40%
Magic:  7/7        EV: 10    Int: 11    God:    Okawaru [......]
Gold:   1349       SH:  0    Dex: 10    Spells: 6/6 levels left

rFire   + . .      SeeInvis .   a - +0 flail
rCold   . . .      Faith    .   (no shield)
rNeg    . . .      Spirit   .   b - +0 robe
rPois   +          Reflect  .   c - +1 hat
rElec   +          Harm     .   (no cloak)
rCorr   .          Rampage  .   (gloves unavailable)
Will    .....                   (boots unavailable)
Stlth   +.........              (no amulet)
HPRegen 0.24/turn               f - ring "Leumes" {rElec rPois rF+ Will-}
MPRegen 0.10/turn               (no ring)

@: hasted, studying Armour, very quick
A: large, unfitting armour, tough skin 1
a: Renounce Religion


You were on level 4 of the Dungeon.
You worshipped Okawaru.
Okawaru was noncommittal.
You visited 1 branch of the dungeon, and saw 5 of its levels.

You collected 1349 gold pieces.

Inventory:

Hand Weapons
 a - a +0 flail (weapon)
Missiles
 d - 3 throwing nets (quivered)
 e - a large rock
Armour
 b - a +0 robe (worn)
 c - a +1 hat (worn)
Jewellery
 f - the ring "Leumes" (left hand) {rElec rPois rF+ Will-}
   (You acquired it on level 3 of the Dungeon)

   [ring of poison resistance]

   rF:        It protects you from fire.
   rElec:     It insulates you from electricity.
   rPois:     It protects you from poison.
   Will:      It decreases your willpower.
Scrolls
 h - a scroll of magic mapping
 j - 3 scrolls of enchant armour
 l - 2 scrolls of vulnerability
 s - 2 scrolls of fog
Potions
 n - 2 potions of curing
 t - a potion of brilliance
 u - a potion of cancellation


   Skills:
 + Level 10.9 Fighting
 * Level 10.8 Maces & Flails
 - Level 2.0 Throwing
 - Level 2.6 Dodging


You had 6 spell levels left.
You didn't know any spells.
Your spell library contained the following spells:

 Spells                   Type           Power      Damage    Failure   Level
 Apportation              Tloc           0%         N/A       34%         1
 Beastly Appendage        Tmut           0%         N/A       34%         1
 Magic Dart               Conj           0%         1d3       34%         1
 Necrotize                Necr           0%         1d4       34%         1
 Blink                    Tloc           0%         N/A       47%         2
 Wereblood                Tmut           0%         N/A       47%         2
 Mephitic Cloud           Conj/Pois/Air  0%         N/A       71%         3
 Spider Form              Tmut/Pois      0%         N/A       71%         3
 Manifold Assault         Tloc           0%         N/A       100%        5
 Storm Form               Tmut/Air       0%         N/A       100%        7
 Summon Small Mammal      Summ           Unusable   N/A       N/A         1
 Call Imp                 Summ           Unusable   N/A       N/A         2

Dungeon Overview and Level Annotations

Branches:
Dungeon (5/15)
 Temple: D:4-7

Altars:
Dithmenos
Fedhas
Kikubaaqudgha
Makhleb
Okawaru
Ru
Trog
Wu Jian
Xom


Innate Abilities, Weirdness & Mutations

You are too large for most types of armour.
You have tough skin. (AC +1)


Message History

The orc priest shouts!
There is a stone staircase leading up here.
An orc priest is nearby!
An orc priest is nearby!
An orc priest is nearby!
A wyvern comes into view.
An orc priest comes into view. It is wielding a +0 whip.
The wyvern hisses angrily.
The orc priest shouts!
You hear a shout!
An orc priest comes into view. It is wielding a +0 club.
You climb upwards.
There is a stone staircase leading down here.
Partly explored, can't reach some places.
You start waiting.
Done waiting.
You start waiting.
Done waiting.
You climb downwards.
The wyvern bites you!
There is a stone staircase leading up, spattered with blood here.
The wyvern bites you!
You climb upwards.
There is a stone staircase leading down here.
The wyvern bites you!
You sock the wyvern!
The wyvern is moderately wounded.
The wyvern bites you!
You are too injured to fight recklessly!
You are too injured to fight recklessly!
You are too injured to fight recklessly!
You are too injured to fight recklessly!
You sock the wyvern!
The wyvern is severely wounded.
The wyvern bites you!
You thump the wyvern!
The wyvern is almost dead.
The wyvern bites you!!
* * * LOW HITPOINT WARNING * * *
The wyvern is almost dead.
You feel yourself speed up. The wyvern bites you!
You die...

# #...#<# #.........# ##
#.###.# #........## .####.##..#
#........# ......##.##
#######..#
####.....###########.##
#.......#......##.#
##.#.###.#......#..# ##....#
#......l.#.## #..####
###....@.#.# ##..#
#####.###..#.########### #...#
#.....#_#..............# #.#.#
#....##.##.............#
...(####...##...###...........#
...........#..#..###..........#
...........#.###.#............#
...######.##.###.###..........#
...# #.##.#_...##..........#


You could see a wyvern.

Vanquished Creatures
  A scorpion (D:4)
  A hound (D:4)
  Jessica (D:2)
  An iguana (D:4)
  An orc wizard (D:4)
  4 gnolls
  4 adders
  2 worms
  A dart slug (D:2)
  6 orcs
  4 endoplasms
  3 giant cockroaches
  6 hobgoblins
  A jackal (D:1)
  4 kobolds
  5 ball pythons
  2 bats (D:1)
  3 frilled lizards
  5 goblins
  4 rats
59 creatures vanquished.

Notes
Turn   | Place    | Note
-------+----------+-------------------------------------------
     0 | D:1      | Infinimo the Ogre Gladiator began the quest for the Orb.
     0 | D:1      | Reached XP level 1. HP: 22/22 MP: 1/1
    60 | D:1      | Reached XP level 2. HP: 14/31 MP: 2/2
   943 | D:2      | Reached XP level 3. HP: 22/37 MP: 3/3
  1531 | D:2      | Noticed Jessica
  1557 | D:2      | Killed Jessica
  1558 | D:2      | Reached XP level 4. HP: 6/48 MP: 4/4
  3601 | D:3      | Identified 4 scrolls of acquirement
  3601 | D:3      | Acquired 465 gold pieces
  3633 | D:3      | Acquired a manual of Armour
  3661 | D:3      | Acquired 685 gold pieces
  3665 | D:3      | Acquired the ring "Leumes" {rElec rPois rF+ Will-}
  3705 | D:3      | Reached XP level 5. HP: 18/55 MP: 5/5
  3709 | D:3      | HP: 1/55 [gnoll/+0 whip (6)]
  4378 | D:4      | Found a blossoming altar of Fedhas.
  4434 | D:4      | Reached skill level 5 in Fighting
  4434 | D:4      | Reached skill level 5 in Maces & Flails
  4434 | D:4      | Noticed an orc warrior
  4634 | D:4      | Found an ancient bone altar of Kikubaaqudgha.
  4655 | D:4      | Reached XP level 6. HP: 65/66 MP: 6/6
  4665 | D:4      | Found a sacrificial altar of Ru.
  4676 | D:4      | Found an ornate altar of the Wu Jian Council.
  4809 | D:4      | Found a shadowy altar of Dithmenos.
  4809 | D:4      | Found a shimmering altar of Xom.
  4817 | D:4      | Found a burning altar of Makhleb.
  4819 | D:4      | Found an iron altar of Okawaru.
  4820 | D:4      | Found a bloodstained altar of Trog.
  4840 | D:4      | Became a worshipper of Warmaster Okawaru
  5218 | D:4      | Reached skill level 10 in Fighting
  5218 | D:4      | Reached skill level 10 in Maces & Flails
  5218 | D:4      | Reached XP level 7. HP: 87/87 MP: 7/7
  5245 | D:5      | Entered Level 5 of the Dungeon
  5246 | D:5      | Noticed a wyvern
  5466 | D:4      | Slain by a wyvern

Illustrated notes

Levels and vault maps discovered:
D:1:      dpeg_arrival_pits, layout_loops_ring, minmay_heptomino_w4
D:2:      layout_loops_ring, uniq_jessica
D:3:      layout_basic
D:4:      layout_rooms, chequers_temple_overflow_minitemple,
          nicolae_overflow_quartered_altars, lemuel_another_geyser
D:5:      layout_cave_pools, lemuel_doored_altar, mainiacjoe_overflow_alcove_2

Skill      XL: |  1  2  3  4  5  6 |
---------------+-------------------+-----
Fighting       | 3 4 5 10 | 10.9
Maces & Flails | 3 4 5 10 | 10.8
Throwing       | |  2.0
Dodging        | |  2.6

Action                   |  1- 3 |  4- 6 |  7- 9 || total
-------------------------+-------+-------+-------++-------
Melee: Flail             |    62 |   165 |     6 ||   233
  Use: Scroll            |       |    18 |       ||    18
       Potion            |       |     3 |     1 ||     4
 Stab: Distracted        |       |     1 |       ||     1
Armor: Robe              |    14 |    28 |     1 ||    43
Dodge: Dodged            |    38 |    94 |     4 ||   136

Table legend: (Time is in decaauts)
 A = Elapsed time spent in this place.
 B = Non-inter-level travel time spent in this place.
 C = Inter-level travel time spent in this place.
 D = Time resting spent in this place.
 E = Time spent auto-exploring this place.
 F = Levels seen in this place.
 G = Mean time per level.
                   A        B        C        D        E       F      G
               +--------+--------+--------+--------+--------+-----+--------+
         Total |   5488 |   5308 |    180 |   1560 |   3087 |   5 | 1097.6 |
       Dungeon |   5488 |   5308 |    180 |   1560 |   3087 |   5 | 1097.6 |
               +--------+--------+--------+--------+--------+-----+--------+

Top non-repeatable levels by time:
     D:3: 1879 daAuts
     D:2: 1449 daAuts
     D:4: 1251 daAuts
     D:1: 899 daAuts
     D:5: 8 daAuts
